| TOP OF THE 1ST |
|
New York Yankees batting - Pitching for Cleveland Spiders : RHP Jose DeLeon
|
|
Pitching: RHP Jose DeLeon
|
|
|
Batting: LHB Wade Boggs
|
0-0: Ball 1-0: SINGLE (Line Drive, 78S, EV 90.6 MPH)
|
|
Batting: SHB Willie Wilson
|
0-0: Called Strike 0-1: Called Strike 0-2: Ball 1-2: Foul Ball, location: 2F 1-2: Foul Ball, location: 2F 1-2: SINGLE (Line Drive, 89S, EV 91.9 MPH) Wade Boggs to second Runner from 2nd tries for 3rd, SAFE, throw by RF made to third
|
|
Batting: LHB Kent Hrbek
|
0-0: Ball Willie Wilson steals 2nd base 1-0: Called Strike 1-1: SINGLE (Line Drive, 7S, EV 89.4 MPH) Wade Boggs scores Willie Wilson to third
|
|
Batting: LHB George Kaage
|
0-0: Ball 1-0: Ball 2-0: Foul Ball, location: 2F 2-1: Fly out, F9 (Flyball, 9S, EV 82.5 MPH)
|
|
Batting: RHB Pedro Guerrero
|
0-0: Ball 1-0: Foul Ball, location: 2F 1-1: Foul Ball, location: 2F 1-2: Foul Ball, location: 2F 1-2: Foul Ball, location: 2F 1-2: Ball 2-2: Foul Ball, location: 2F 2-2: Strikes out swinging
|
|
Batting: SHB Tim Raines
|
0-0: Called Strike 0-1: Ball 1-1: Ball 2-1: Ball 3-1: Base on Balls Kent Hrbek to second
|
|
Batting: RHB Rod Allen
|
0-0: Ball 1-0: Swinging Strike 1-1: Called Strike 1-2: Strikes out swinging
|
| Top of the 1st over - 1 run, 3 hits, 0 errors, 3 left on base; New York 1 - Cleveland 0 |
| BOTTOM OF THE 1ST |
|
Cleveland Spiders batting - Pitching for New York Yankees : RHP Paul Moskau
|
|
Pitching: RHP Paul Moskau
|
|
|
Batting: SHB Bump Wills
|
0-0: Swinging Strike 0-1: Swinging Strike 0-2: Strikes out swinging
|
|
Batting: RHB Tom Brunansky
|
0-0: Ball 1-0: SINGLE (Groundball, 6MD, EV 104.4 MPH)
|
|
Batting: RHB Gary Gaetti
|
0-0: Ball 1-0: Ground out U3 (Groundball, 3S, EV 68.1 MPH) Tom Brunansky to second
|
|
Batting: SHB Salvador Perez
|
0-0: Ball 1-0: Ball 2-0: Fly out, F3 (Popup, 23F, EV 87.5 MPH)
|
| Bottom of the 1st over - 0 runs, 1 hit, 0 errors, 1 left on base; New York 1 - Cleveland 0 |
| TOP OF THE 2ND |
|
New York Yankees batting - Pitching for Cleveland Spiders : RHP Jose DeLeon
|
|
Batting: LHB Ron Hassey
|
0-0: Foul Ball, location: 2F 0-1: Ground out 4-3 (Groundball, 34D, EV 95.6 MPH)
|
|
Batting: RHB Emanuel Cortez
|
0-0: Foul Ball, location: 2F 0-1: Ground out 3-1 (Groundball, 34, EV 103.8 MPH)
|
|
Batting: LHB Wade Boggs
|
0-0: Called Strike 0-1: Ball 1-1: Ball 2-1: Called Strike 2-2: SINGLE (Line Drive, 4D, EV 106.3 MPH)
|
|
Batting: SHB Willie Wilson
|
0-0: Ball 1-0: Ball 2-0: Fly out, F9 (Flyball, 9D, EV 80.0 MPH)
|
| Top of the 2nd over - 0 runs, 1 hit, 0 errors, 1 left on base; New York 1 - Cleveland 0 |
| BOTTOM OF THE 2ND |
|
Cleveland Spiders batting - Pitching for New York Yankees : RHP Paul Moskau
|
|
Batting: RHB Clayton Elliott
|
0-0: Ball 1-0: Called Strike 1-1: Ball 2-1: Swinging Strike 2-2: Strikes out swinging
|
|
Batting: RHB Cressy Pratt
|
0-0: Swinging Strike 0-1: Ball 1-1: Called Strike 1-2: Ball 2-2: Ball 3-2: Base on Balls
|
|
Batting: RHB Alan Trammell
|
0-0: Called Strike 0-1: Foul Ball, location: 2F 0-2: Ball 1-2: Grounds out, U3 (Groundball, 3L, EV 85.6 MPH)
|
|
Batting: RHB Lance Parrish
|
0-0: Ball 1-0: Called Strike 1-1: Swinging Strike 1-2: Strikes out swinging
|
| Bottom of the 2nd over - 0 runs, 0 hits, 0 errors, 1 left on base; New York 1 - Cleveland 0 |
| TOP OF THE 3RD |
|
New York Yankees batting - Pitching for Cleveland Spiders : RHP Jose DeLeon
|
|
Batting: LHB Kent Hrbek
|
0-0: Ball 1-0: Called Strike 1-1: Foul Ball, location: 2F 1-2: Ball 2-2: Strikes out swinging, 2-3 out at first.
|
|
Batting: LHB George Kaage
|
0-0: Called Strike 0-1: SINGLE (Groundball, 4MD, EV 100.0 MPH)
|
|
Batting: RHB Pedro Guerrero
|
0-0: Foul Ball, location: 2F 0-1: Swinging Strike 0-2: Strikes out swinging George Kaage steals 2nd base Batter strikes out.
|
|
Batting: SHB Tim Raines
|
0-0: SINGLE (Groundball, 6S, EV 66.9 MPH) (infield hit) George Kaage to third
|
|
Batting: RHB Rod Allen
|
0-0: Ball 1-0: Ball 2-0: Ball 3-0: Base on Balls Tim Raines to second
|
|
Batting: LHB Ron Hassey
|
0-0: Fielders Choice at 2nd, 6-4 (Groundball, 6, EV 91.9 MPH)
|
| Top of the 3rd over - 0 runs, 2 hits, 0 errors, 3 left on base; New York 1 - Cleveland 0 |
| BOTTOM OF THE 3RD |
|
Cleveland Spiders batting - Pitching for New York Yankees : RHP Paul Moskau
|
|
Batting: RHB Kevin Bell
|
0-0: Swinging Strike 0-1: Foul Ball, location: 2F 0-2: Ball 1-2: Ball 2-2: Foul Ball, location: 2F 2-2: Strikes out swinging, 2-3 out at first.
|
|
Batting: SHB Bump Wills
|
0-0: Ball 1-0: Ground out 4-3 (Groundball, 4M, EV 83.1 MPH)
|
|
Batting: RHB Tom Brunansky
|
0-0: Ball 1-0: Ball 2-0: Fly out, F8 (Flyball, 8LS, EV 86.3 MPH)
|
| Bottom of the 3rd over - 0 runs, 0 hits, 0 errors, 0 left on base; New York 1 - Cleveland 0 |
| TOP OF THE 4TH |
|
New York Yankees batting - Pitching for Cleveland Spiders : RHP Jose DeLeon
|
|
Batting: RHB Emanuel Cortez
|
0-0: Ball 1-0: Called Strike 1-1: Ball 2-1: Ball 3-1: Base on Balls
|
|
Batting: LHB Wade Boggs
|
0-0: Swinging Strike 0-1: Foul Ball, location: 2F 0-2: Fly out, F7 (Flyball, 7S, EV 91.9 MPH)
|
|
Batting: SHB Willie Wilson
|
0-0: Called Strike 0-1: Ball 1-1: Foul Ball, location: 2F 1-2: Fielders Choice at 2nd, 4-6 (Groundball, 34D, EV 105.6 MPH)
|
|
Batting: LHB Kent Hrbek
|
0-0: Ball Willie Wilson steals 2nd base (no throw) 1-0: Called Strike 1-1: Foul Ball, location: 2F 1-2: Ball 2-2: Foul Ball, location: 2F 2-2: Ground out 6-3 (Groundball, 6M, EV 93.8 MPH)
|
| Top of the 4th over - 0 runs, 0 hits, 0 errors, 1 left on base; New York 1 - Cleveland 0 |
| BOTTOM OF THE 4TH |
|
Cleveland Spiders batting - Pitching for New York Yankees : RHP Paul Moskau
|
|
Batting: RHB Gary Gaetti
|
0-0: Called Strike 0-1: Ball 1-1: Called Strike 1-2: Strikes out swinging
|
|
Batting: SHB Salvador Perez
|
0-0: Ball 1-0: Ball 2-0: Called Strike 2-1: Ball 3-1: Fly out, F9 (Flyball, 9D, EV 100.6 MPH)
|
|
Batting: RHB Clayton Elliott
|
0-0: Ball 1-0: Foul Ball, location: 2F 1-1: Fly out, F9 (Flyball, 9S, EV 86.9 MPH)
|
| Bottom of the 4th over - 0 runs, 0 hits, 0 errors, 0 left on base; New York 1 - Cleveland 0 |
| TOP OF THE 5TH |
|
New York Yankees batting - Pitching for Cleveland Spiders : RHP Jose DeLeon
|
|
Batting: LHB George Kaage
|
0-0: Ball 1-0: Foul Ball, location: 2F 1-1: Called Strike 1-2: Foul Ball, location: 2F 1-2: Foul Ball, location: 2F 1-2: Ball 2-2: Fly out, F9 (Flyball, 89M, EV 83.8 MPH)
|
|
Batting: RHB Pedro Guerrero
|
0-0: Swinging Strike 0-1: Ball 1-1: Foul Ball, location: 2F 1-2: Ball 2-2: Ball 3-2: Foul Ball, location: 2F 3-2: Strikes out looking
|
|
Batting: SHB Tim Raines
|
0-0: Fly out, F8 (Flyball, 78D, EV 97.5 MPH)
|
| Top of the 5th over - 0 runs, 0 hits, 0 errors, 0 left on base; New York 1 - Cleveland 0 |
| BOTTOM OF THE 5TH |
|
Cleveland Spiders batting - Pitching for New York Yankees : RHP Paul Moskau
|
|
Batting: RHB Cressy Pratt
|
0-0: Ball 1-0: Fly out, F9 (Flyball, 9, EV 73.8 MPH)
|
|
Batting: RHB Alan Trammell
|
0-0: Ball 1-0: Called Strike 1-1: Ball 2-1: Ball 3-1: Base on Balls
|
|
Batting: RHB Lance Parrish
|
0-0: Called Strike 0-1: Foul Ball, location: 2F 0-2: Ball 1-2: Ball Wild Pitch! Alan Trammell to second 2-2: Fly out, F8 (Flyball, 8LXD, EV 84.4 MPH) Runner from 2nd tags up, SAFE at 3rd, no throw by CF
|
|
Batting: RHB Kevin Bell
|
0-0: Ball 1-0: Called Strike 1-1: Ground out U3 (Groundball, 3, EV 88.1 MPH)
|
| Bottom of the 5th over - 0 runs, 0 hits, 0 errors, 1 left on base; New York 1 - Cleveland 0 |
| TOP OF THE 6TH |
|
New York Yankees batting - Pitching for Cleveland Spiders : RHP Jose DeLeon
|
|
Batting: RHB Rod Allen
|
0-0: Ball 1-0: Fly out, F8 (Line Drive, 8LD, EV 93.8 MPH)
|
|
Batting: LHB Ron Hassey
|
0-0: DOUBLE (Flyball, 8LXD, EV 111.3 MPH)
|
|
Batting: RHB Emanuel Cortez
|
0-0: Ball 1-0: Ball 2-0: Ball 3-0: Base on Balls
|
|
Batting: LHB Wade Boggs
|
0-0: Grounds into double play, 4-6-3 (Groundball, 4M, EV 86.3 MPH)
|
| Top of the 6th over - 0 runs, 1 hit, 0 errors, 1 left on base; New York 1 - Cleveland 0 |
| BOTTOM OF THE 6TH |
|
Cleveland Spiders batting - Pitching for New York Yankees : RHP Paul Moskau
|
|
Batting: SHB Bump Wills
|
0-0: Ball 1-0: Ground out 5-3 (Groundball, 5L, EV 101.9 MPH)
|
|
Batting: RHB Tom Brunansky
|
0-0: Foul Ball, location: 2F 0-1: Called Strike 0-2: Strikes out swinging
|
|
Batting: RHB Gary Gaetti
|
0-0: Ball 1-0: Ball 2-0: SOLO HOME RUN (Flyball, 7D, EV 92.5 MPH), Distance : 391 ft
|
|
Batting: SHB Salvador Perez
|
0-0: Foul Ball, location: 2F 0-1: Swinging Strike 0-2: Strikes out swinging
|
| Bottom of the 6th over - 1 run, 1 hit, 0 errors, 0 left on base; New York 1 - Cleveland 1 |
| TOP OF THE 7TH |
|
New York Yankees batting - Pitching for Cleveland Spiders : RHP Jose DeLeon
|
|
Batting: SHB Willie Wilson
|
0-0: Called Strike 0-1: Ball 1-1: Foul Ball, location: 2F 1-2: Ball 2-2: Ball 3-2: Foul Ball, location: 2F 3-2: Foul Ball, location: 2F 3-2: Foul Ball, location: 2F 3-2: SINGLE (Line Drive, 6D, EV 100.6 MPH)
|
|
Batting: LHB Kent Hrbek
|
0-0: Ball 1-0: Ball 2-0: Called Strike 2-1: Swinging Strike 2-2: Foul Ball, location: 2F 2-2: Strikes out swinging
|
|
Batting: LHB George Kaage
|
0-0: Ball 1-0: Hit by Pitch Willie Wilson to second
|
|
Batting: RHB Pedro Guerrero
|
0-0: Called Strike 0-1: Called Strike 0-2: Strikes out swinging
|
|
Batting: SHB Tim Raines
|
0-0: Ball 1-0: Ground out U3 (Groundball, 3L, EV 83.8 MPH)
|
| Top of the 7th over - 0 runs, 1 hit, 0 errors, 2 left on base; New York 1 - Cleveland 1 |
| BOTTOM OF THE 7TH |
|
Cleveland Spiders batting - Pitching for New York Yankees : RHP Paul Moskau
|
|
Batting: RHB Clayton Elliott
|
0-0: Called Strike 0-1: Foul Ball, location: 2F 0-2: Ball 1-2: Foul Ball, location: 2F 1-2: Ball 2-2: Strikes out swinging
|
|
Batting: RHB Cressy Pratt
|
0-0: Ball 1-0: Fly out, F8 (Flyball, 8RXD, EV 88.1 MPH)
|
|
Batting: RHB Alan Trammell
|
0-0: DOUBLE (Flyball, 7LD, EV 96.9 MPH)
|
|
Batting: RHB Lance Parrish
|
0-0: Called Strike 0-1: Ball 1-1: Ball 2-1: Ball 3-1: Base on Balls
|
|
Batting: RHB Kevin Bell
|
0-0: Ball 1-0: Ball 2-0: 3-RUN HOME RUN (Flyball, 7D, EV 111.9 MPH), Distance : 395 ft
|
|
Batting: SHB Bump Wills
|
0-0: Ball 1-0: Ground out U3 (Groundball, 3S, EV 60.0 MPH)
|
| Bottom of the 7th over - 3 runs, 2 hits, 0 errors, 0 left on base; New York 1 - Cleveland 4 |
| TOP OF THE 8TH |
|
New York Yankees batting - Pitching for Cleveland Spiders : RHP Jose DeLeon
|
|
Batting: RHB Rod Allen
|
0-0: Foul Ball, location: 2F 0-1: Ball 1-1: DOUBLE (Line Drive, 9LS, EV 112.5 MPH)
|
|
Batting: LHB Ron Hassey
|
0-0: Called Strike 0-1: Ball 1-1: Ball 2-1: Ball 3-1: Foul Ball, location: 2F 3-2: Ground out U3 (Groundball, 34, EV 87.5 MPH) Rod Allen to third
|
|
Pitching: RHP Omar Huaman
|
|
|
Batting: RHB Emanuel Cortez
|
0-0: Called Strike 0-1: Swinging Strike 0-2: Foul Ball, location: 2F 0-2: Ball 1-2: Foul Ball, location: 2F 1-2: Ball 2-2: Ball 3-2: Foul Ball, location: 2F 3-2: Ground out 6-3 (Groundball, 6, EV 84.4 MPH) Rod Allen scores
|
|
Batting: LHB Wade Boggs
|
0-0: Ball 1-0: Swinging Strike 1-1: Swinging Strike 1-2: Strikes out looking
|
| Top of the 8th over - 1 run, 1 hit, 0 errors, 0 left on base; New York 2 - Cleveland 4 |
| BOTTOM OF THE 8TH |
|
Cleveland Spiders batting - Pitching for New York Yankees : RHP Paul Moskau
|
|
Batting: RHB Tom Brunansky
|
0-0: Called Strike 0-1: Ball 1-1: Ball 2-1: Ball 3-1: Ground out 5-3 (Groundball, 5S, EV 92.5 MPH)
|
|
Batting: RHB Gary Gaetti
|
0-0: Ball 1-0: Swinging Strike 1-1: Foul Ball, location: 2F 1-2: Ground out 6-3 (Groundball, 6M, EV 108.1 MPH)
|
|
Batting: SHB Salvador Perez
|
0-0: SOLO HOME RUN (Flyball, 7D, EV 98.8 MPH), Distance : 405 ft
|
|
Batting: RHB Clayton Elliott
|
0-0: Ball 1-0: Foul Ball, location: 2F 1-1: Foul Ball, location: 2F 1-2: SINGLE (Flyball, 78S, EV 83.1 MPH)
|
|
Pitching: LHP Jose Paz
|
|
|
Batting: RHB Cressy Pratt
|
0-0: Ball 1-0: 2-RUN HOME RUN (Line Drive, 7D, EV 101.3 MPH), Distance : 401 ft
|
|
Batting: RHB Alan Trammell
|
0-0: Ball 1-0: Swinging Strike 1-1: Ball 2-1: Called Strike 2-2: Foul Ball, location: 2F 2-2: Ball 3-2: Base on Balls
|
|
Batting: RHB Lance Parrish
|
0-0: Ball 1-0: Foul Ball, location: 2F 1-1: 2-RUN HOME RUN (Flyball, 78XD, EV 103.1 MPH), Distance : 402 ft
|
|
Pinch Hitting: RHB Mark Hopper
|
0-0: SINGLE (Groundball, 56D, EV 102.5 MPH)
|
|
Batting: SHB Bump Wills
|
0-0: Ball 1-0: Called Strike 1-1: Hit by Pitch Mark Hopper to second
|
|
Pinch Hitting: RHB Jordan Ventura
|
0-0: DOUBLE (Line Drive, 7LS, EV 95.6 MPH) Mark Hopper scores Bump Wills to third Runner from 3rd tries for Home, SAFE, throw by LF to home
|
|
Pitching: RHP Greg Field
|
|
|
Batting: RHB Gary Gaetti
|
0-0: Called Strike 0-1: Ball 1-1: Swinging Strike 1-2: Strikes out swinging
|
| Bottom of the 8th over - 7 runs, 6 hits, 0 errors, 1 left on base; New York 2 - Cleveland 11 |
| TOP OF THE 9TH |
|
New York Yankees batting - Pitching for Cleveland Spiders : RHP Omar Huaman
|
|
Now at 3B: Mark Hopper
|
|
|
Now in RF: Jordan Ventura
|
|
|
Batting: SHB Willie Wilson
|
0-0: Hit by Pitch
|
|
Batting: LHB Kent Hrbek
|
0-0: Fly out, F8 (Flyball, 8LS, EV 91.9 MPH)
|
|
Batting: LHB George Kaage
|
0-0: Ball 1-0: Ball 2-0: Fly out, F6 (Flyball, 56D, EV 85.0 MPH)
|
|
Batting: RHB Pedro Guerrero
|
0-0: Foul Ball, location: 2F 0-1: Swinging Strike 0-2: Ball 1-2: Fly out, F5 (Flyball, 56D, EV 87.5 MPH)
|
| Top of the 9th over - 0 runs, 0 hits, 0 errors, 1 left on base; New York 2 - Cleveland 11 |
|